 Dungeon Crawl Stone Soup version 0.32-a0-135-g14f8b2e (webtiles) character file.

Game seed: 9768845837706994400

30 Dorkslayer the Shield-Bearer (level 3, -3/26 HPs)
             Began as an Octopode Fighter on Feb 10, 2024.
             Was an Initiate of Okawaru.
             Slain by a gnoll
             ... wielding a +0 whip
              (9 damage)
             ... on level 2 of the Dungeon.
             The game lasted 00:02:13 (810 turns).

Dorkslayer the Shield-Bearer (Octopode Fighter)      Turns: 810, Time: 00:02:13

Health: -3/26      AC:  1    Str: 17    XL:     3   Next: 18%
Magic:  3/3        EV: 13    Int: 10    God:    Okawaru [......]
Gold:   57         SH:  4    Dex: 11    Spells: 2/2 levels left

rFire   . .          .
                       - Unarmed
rCold   . . .        a - +0 buckler
rNeg    . . .        (helmet restricted)
rPois   .            (no amulet)
rElec   .            (no ring)
rCorr   .            (no ring)
SInv    .            (no ring)
Will    .....        (no ring)
Stlth   ++           (no ring)
HPRegen 0.24/turn    (no ring)
MPRegen 0.08/turn    (no ring)
                     (no ring)

%: no passive effects
@: no status effects
A: almost no armour, amphibious, 8 rings, camouflage 1, gelatinous body 1,
(nimble swimmer 1), tentacles
a: Renounce Religion


You were on level 2 of the Dungeon.
You worshipped Okawaru.
Okawaru was noncommittal.
You visited 1 branch of the dungeon, and saw 2 of its levels.

You collected 57 gold pieces.

Inventory:

Hand Weapons
 e - a +0 mace
Armour
 a - a +0 buckler (worn)
Scrolls
 c - a scroll of identify {unknown}
Potions
 b - a potion of might
 d - a potion of haste {unknown}
 f - a potion of berserk rage {unknown}
 g - 2 potions of heal wounds {unknown}
 h - a potion of cancellation {unknown}
 i - a potion of magic {unknown}


   Skills:
 + Level 3.3 Fighting
 * Level 0.3 Maces & Flails
 + Level 3.2 Dodging
 + Level 3.3 Shields
 * Level 2.4 Unarmed Combat


You had 2 spell levels left.
You didn't know any spells.
Your spell library contained the following spells:

 Spells                   Type           Power      Damage    Failure   Level
 Shock                    Conj/Air       0%         1d3       43%         1
 Stone Arrow              Conj/Erth      0%         3d7       82%         3
 Swiftness                Air            0%         N/A       82%         3
 Airstrike                Air            0%         2d(0-16)  99%         4
 Lehudib's Crystal Spear  Conj/Erth      0%         10d2      100%        8
 Animate Armour           Summ/Erth      Unusable   N/A       N/A         4

Dungeon Overview and Level Annotations

Branches:
Dungeon (2/15)

Altars:
Okawaru


Innate Abilities, Weirdness & Mutations

You cannot wear most types of armour.
You are amphibious.
You can wear up to eight rings at the same time.
Your skin changes colour to match your surroundings (Stealth+).
Your rubbery body absorbs attacks. (AC +1, EV +1)
((You are camouflaged when in or above water. (Stealth+)))
You have tentacles for arms and can constrict up to eight enemies at once.


Message History

You tentacle-slap the bat.
You kill the bat!
Found an iron altar of Okawaru.
You now have 57 gold pieces (gained 4).
There is an iron altar of Okawaru here.
You curl up in front of the altar of Okawaru.
Okawaru welcomes you!
Found a puce potion.
i - a puce potion Key pressed, stopping explore.
You open the door.
There is an open door here.
You open the door.
Found a stone staircase leading down.
You open the door. 2 gnolls come into view.
A gnoll is wielding a +0 spear and quivering 2 throwing nets.
The gnoll shouts!
You hear a shout! x2
A gnoll comes into view. It is wielding a +0 whip.
The gnoll shouts!
You tentacle-slap the gnoll. Your grab misses the gnoll.
The gnoll is lightly wounded.
The gnoll hits you with a +0 spear. The gnoll closely misses you.
You tentacle-slap the gnoll. Your grab misses the gnoll.
The gnoll is lightly wounded.
The gnoll hits you with a +0 spear. The gnoll closely misses you.
You barely miss the gnoll. Your grab misses the gnoll.
The gnoll is lightly wounded.
The gnoll closely misses you. The gnoll misses you.
A kobold comes into view. It is wielding a +0 dagger.
You tentacle-slap the gnoll. You grab the gnoll.
The gnoll is heavily wounded.
You constrict the gnoll. The gnoll hits you with a +0 spear.
The gnoll hits you with a +0 whip!
* * * LOW HITPOINT WARNING * * *
You tentacle-slap the gnoll but do no damage.
The gnoll is heavily wounded.
You constrict the gnoll. You block the gnoll's attack.
The gnoll hits you with a +0 whip!
You die...

#>. #.# #.#
#.# . #.# ..
#.# ... ##'###
.g. #....# gg
#######...@#.#
#.....'...gg.#
#######....#.#
#....#.#
##....# #
#.....# #...
... #.....#.#
#... ....
#.....#.###...
....
#............#
....


You could see 2 gnolls.

Vanquished Creatures
  A dart slug (D:1)
  3 bats
  3 endoplasms
  A giant cockroach (D:1)
  4 goblins (D:1)
  2 hobgoblins (D:1)
  A quokka (D:1)
  2 ball pythons (D:2)
  A frilled lizard (D:1)
  3 kobolds
  3 rats (D:1)
24 creatures vanquished.

Notes
Turn   | Place    | Note
-------+----------+-------------------------------------------
     0 | D:1      | Dorkslayer the Octopode Fighter began the quest for the
                  | Orb.
     0 | D:1      | Reached XP level 1. HP: 16/16 MP: 1/1
   147 | D:1      | Reached XP level 2. HP: 6/21 MP: 2/2
   520 | D:1      | Found a faded altar of an unknown god.
   527 | D:1      | Reached XP level 3. HP: 26/26 MP: 3/3
   765 | D:2      | Found an iron altar of Okawaru.
   774 | D:2      | Became a worshipper of Warmaster Okawaru
   810 | D:2      | Slain by a gnoll

Illustrated notes

Levels and vault maps discovered:
D:1:      amcnicky_arrival_abandoned_market, layout_rooms,
          shapermc_ecumenical_altar_pompeii
D:2:      layout_basic, basic_altar

Action                     || total
---------------------------++-------
  Melee: Unarmed           ||    56
         Constrict         ||    16
         Tentacles         ||    10
   Stab: Sleeping          ||     5
 Armour: Skin              ||    24
  Dodge: Dodged            ||    43
  Block: Buckler           ||    10

Table legend: (Time is in decaauts)
 A = Elapsed time spent in this place.
 B = Non-inter-level travel time spent in this place.
 C = Inter-level travel time spent in this place.
 D = Time resting spent in this place.
 E = Time spent auto-exploring this place.
 F = Levels seen in this place.
 G = Mean time per level.
                   A        B        C        D        E       F      G
               +--------+--------+--------+--------+--------+-----+--------+
         Total |    809 |    809 |      0 |      0 |    453 |   2 |  404.5 |
       Dungeon |    809 |    809 |      0 |      0 |    453 |   2 |  404.5 |
               +--------+--------+--------+--------+--------+-----+--------+

Top non-repeatable levels by time:
     D:1: 553 daAuts
     D:2: 256 daAuts
